 Dungeon Crawl Stone Soup version 0.21-a0-1-gaf3b9a5 (webtiles) character file.

375 Gorglomux the Insei (level 6, -2/52 HPs)
             Began as a Draconian Necromancer on May 20, 2017.
             Killed from afar by Dowan (5 damage)
             ... with a puff of frost
             ... on level 4 of the Dungeon.
             The game lasted 00:07:17 (4669 turns).

Gorglomux the Insei (Draconian Necromancer)         Turns: 4669, Time: 00:07:18

Health: -2/52      AC:  6    Str: 10    XL:     6   Next: 44%
Magic:  3/9        EV: 12    Int: 15    God:
Gold:   153        SH:  0    Dex: 14    Spells: 4/9 levels left

rFire    . . .     SeeInvis .     - Unarmed
rCold    . . .     Gourm    .   (no shield)
rNeg     . . .     Faith    .   (armour unavailable)
rPois    .         Spirit   .   (helmet restricted)
rElec    .         Reflect  .   (no cloak)
rCorr    .         Harm     .   (no gloves)
MR       .....                  (no boots)
Stlth    ++........             (no amulet)
Regen    0.2/turn               (no ring)
MPRegen  0.2/turn               (no ring)

@: very slightly contaminated
A: unfitting armour, cold-blooded, AC +6
a: no special abilities


You were on level 4 of the Dungeon.
You were hungry.

You visited 1 branch of the dungeon, and saw 4 of its levels.

You collected 153 gold pieces.

Inventory:

Hand Weapons
 a - a +0 longbow
   (You found it on level 2 of the Dungeon)
 f - a +0 hand axe
   (You found it on level 1 of the Dungeon)
 g - a cursed -3 whip
   (You found it on level 1 of the Dungeon)
 m - a +0 dagger
   (You took it off a goblin on level 1 of the Dungeon)
 q - a +0 club
   (You took it off Jessica on level 2 of the Dungeon)
 s - a +0 whip
   (You took it off a kobold on level 2 of the Dungeon)
 t - a +0 short sword
   (You took it off a kobold on level 2 of the Dungeon)
 v - a +0 dagger
   (You took it off a kobold on level 2 of the Dungeon)
 w - a +0 lajatang
   (You found it on level 2 of the Dungeon)
Armour
 d - a +0 hat
   (You found it on level 1 of the Dungeon)
Wands
 x - a wand of lightning (12/15)
   (You found it on level 4 of the Dungeon)
Scrolls
 h - a scroll of amnesia {unknown}
 i - a scroll of noise {unknown}
 j - 2 scrolls of remove curse {unknown}
 k - 5 scrolls of teleportation {unknown}
 o - a scroll of identify {unknown}
 p - a scroll of magic mapping {unknown}
 u - a scroll of enchant armour {unknown}
Potions
 c - a potion of curing
 l - a potion of haste
 B - a potion of brilliance {unknown}
Books
 e - a book of Cantrips
   (You found it on level 3 of the Dungeon)
 r - a book of Necromancy
Comestibles
 b - a bread ration {@e1}
 n - a royal jelly
 z - a fruit
 A - 2 meat rations {@e2}


   Skills:
 + Level 4.0 Fighting
 - Level 1.7 Dodging
 - Level 1.7 Stealth
 * Level 5.2 Unarmed Combat
 - Level 2.0 Spellcasting
 - Level 4.0 Necromancy


You had 4 spell levels left.
You knew the following spells:

 Your Spells              Type           Power        Failure   Level  Hunger
a - Pain                  Necr           ##..         4%          1    #......
r - Regeneration          Chrm/Necr      #.........   28%         3    ###....
Z - Animate Skeleton      Necr           N/A          4%          1    #......


Dungeon Overview and Level Annotations

Branches:
Dungeon (4/15)
 Temple: D:4-7

Altars:
Cheibriados
Fedhas
Hepliaklqana
The Shining One

Annotations:
D:4 Dowan, Duvessa


Innate Abilities, Weirdness & Mutations

Your plain brown scales are hard. (AC +6)
You cannot fit into any form of body armour.
You are cold-blooded and may be slowed by cold attacks.


Message History

You hit Duvessa but do no damage. You tail-slap Duvessa.
Duvessa barely misses you. Dowan barely misses you.
You barely miss Duvessa.
Your skin stops crawling.
Duvessa hits you but does no damage.
Dowan hits you with a dagger of electrocution.
You barely miss Duvessa.
You tail-slap Duvessa, but do no damage.
Duvessa hits you with a short sword. Dowan hits you but does no damage.
You are electrocuted!
Duvessa misses you.
There is a stone staircase leading up here.
You closely miss Duvessa.
Your tail-slap misses Duvessa.
Dowan hits you but does no damage. Duvessa hits you with a short sword.
Unknown command.
Your skin crawls.
Dowan hits you but does no damage. Duvessa closely misses you.
Unknown command.
Your skin is crawling a little less now.
You see here a tomahawk.
You barely miss Dowan.
Dowan smirks and points a slender finger.
Dowan hits you but does no damage.
You are electrocuted!
* * * LOW HITPOINT WARNING * * *
Unknown command.
Duvessa closely misses you. Dowan gestures at you while chanting.
The puff of frost hits you!
* * * LOW HITPOINT WARNING * * *
Duvessa hits you but does no damage. Duvessa hits you with a short sword.
* * * LOW HITPOINT WARNING * * *
There is a stone staircase leading up here.
Unknown command.
Your skin stops crawling.
Dowan gestures wildly while chanting.
Dowan blinks!
Duvessa hits you but does no damage.
You climb upwards.
There is a stone staircase leading down here.
You start resting.
Eating one of 2 chunks of flesh {@w0}.
You eat one of the 2 chunks of flesh {@w0}.
You are no longer glowing.
You start resting.
All of the chunks of flesh in your inventory have rotted away.
You are feeling hungry.
Things that are here:
a chain mail; a mace
There is a stone staircase leading down here.
You climb downwards.
Level annotation: Dowan, Duvessa
There is a stone staircase leading up here.
Duvessa is nearby!
Aim: Duvessa, wielding a short sword and wearing a scale mail (chance to defeat MR: 52%) Duvessa writhes in agony!
Aim: Duvessa, wielding a short sword and wearing a scale mail (lightly wounded, chance to defeat MR: 52%) Duvessa resists with significant effort.
Aim: Duvessa, wielding a short sword and wearing a scale mail (lightly wounded, chance to defeat MR: 52%)
You miscast Pain.
You are very lightly contaminated with residual magic.
Pain shoots through your body.
Aim: Duvessa, wielding a short sword and wearing a scale mail (lightly wounded, chance to defeat MR: 52%) Duvessa writhes in agony!
Your skin crawls.
Duvessa misses you.
You hit Duvessa but do no damage.
Your tail-slap misses Duvessa.
Duvessa hits you with a short sword!
You punch Duvessa! Duvessa barely misses you.
You hit Duvessa. You tail-slap Duvessa. Dowan casts a spell at you.
The puff of flame hits you! Duvessa hits you with a short sword!
You barely miss Duvessa.
You tail-slap Duvessa, but do no damage.
Your skin is crawling a little less now.
You hit Duvessa. Duvessa closely misses you.
Dowan points at Duvessa and mumbles some strange words.
Duvessa seems to speed up.
You hit Duvessa but do no damage. Duvessa barely misses you.
Duvessa hits you but does no damage.
You completely miss Duvessa.
You tail-slap Duvessa, but do no damage.
Duvessa barely misses you.
You closely miss Duvessa. Duvessa hits you with a short sword.
You hit Duvessa but do no damage.
You tail-slap Duvessa, but do no damage.
You punch Duvessa, but do no damage.
Your skin stops crawling.
Duvessa hits you with a short sword!
* * * LOW HITPOINT WARNING * * *
Dowan closely misses you. Duvessa misses you.
You hit Duvessa but do no damage.
Your tail-slap misses Duvessa.
Duvessa hits you but does no damage. Dowan hits you but does no damage.
You are electrocuted!
* * * LOW HITPOINT WARNING * * *
Unknown command.
You hit Duvessa.
Your tail-slap misses Duvessa.
Duvessa hits you with a short sword.
* * * LOW HITPOINT WARNING * * *
Dowan points at you and mumbles some strange words.
The puff of frost hits you!
You die...

#.. +............##
#..##..............
#...#........######
#................#
###.........#....#.#
.####.......#......#.
.+..†.#######†.......
.#......(.....####...
.#...e.........e@#...
...............e.+ ..
.................#.
...................
.######...(.).......
......+...#...##...##
......#(........<....
......()..<....##....
.....##.)....#.......


You could see Duvessa and Dowan.

Vanquished Creatures
  Sigmund (D:2)
  A scorpion (D:4)
  An orc priest (D:3)
  Jessica (D:2)
  3 adders
  3 worms
  2 dart slugs (D:4)
  10 orcs
  A ball python (D:3)
  9 goblins
  4 hobgoblins
  5 jackals
  10 kobolds
  A quokka (D:2)
  8 bats
  3 frilled lizards
  A quokka skeleton (D:4)
  10 rats
74 creatures vanquished.

Vanquished Creatures (collateral kills)
  A goblin (D:3)
  A kobold (D:3)
2 creatures vanquished.

Grand Total: 76 creatures vanquished

Notes
Turn   | Place    | Note
-------+----------+-------------------------------------------
     0 | D:1      | Gorglomux the Draconian Necromancer began the quest for the Orb.
     0 | D:1      | Reached XP level 1. HP: 14/14 MP: 3/3
   271 | D:1      | Learned a level 1 spell: Animate Skeleton
   627 | D:1      | Reached skill level 1 in Unarmed Combat
   803 | D:1      | Reached skill level 1 in Fighting
   803 | D:1      | Reached XP level 2. HP: 21/23 MP: 0/5
  1454 | D:2      | Noticed Jessica
  1468 | D:2      | Killed Jessica
  1468 | D:2      | Reached skill level 2 in Unarmed Combat
  1468 | D:2      | Reached XP level 3. HP: 17/29 MP: 1/6
  1552 | D:2      | Learned a level 3 spell: Regeneration
  1718 | D:2      | Found a glowing golden altar of the Shining One.
  1824 | D:2      | Reached skill level 2 in Fighting
  1846 | D:2      | Found a blossoming altar of Fedhas.
  2061 | D:2      | Noticed Sigmund
  2112 | D:2      | HP: 4/29 [something (5)]
  2119 | D:2      | Killed Sigmund
  2119 | D:2      | Reached skill level 3 in Fighting
  2119 | D:2      | Reached skill level 4 in Unarmed Combat
  2119 | D:2      | Reached XP level 4. HP: 12/38 MP: 3/7
  2119 | D:2      | Reached XP level 5. HP: 15/45 MP: 3/8
  2897 | D:3      | Found a snail-covered altar of Cheibriados.
  2953 | D:2      | HP: 9/45 [orc/hand axe (3)]
  3203 | D:3      | Reached XP level 6. HP: 51/52 MP: 1/9
  3294 | D:3      | Found a hazy altar of Hepliaklqana.
  3505 | D:3      | Found a faded altar of an unknown god.
  4036 | D:4      | Reached skill level 5 in Unarmed Combat
  4264 | D:4      | Reached skill level 4 in Fighting
  4381 | D:4      | Noticed Duvessa
  4425 | D:4      | Noticed Dowan
  4453 | D:4      | HP: 11/52 [Dowan/dagger of electrocution (14)]
  4668 | D:4      | HP: 4/52 [Dowan/dagger of electrocution (11)]
  4669 | D:4      | Killed from afar by Dowan

Vault maps used:
D:1:      dpeg_arrival_solitude, hangedman_decor_peaks_small, feat_on_display
D:2:      nicolae_tso_carved_into_rock, lemuel_round_altar, first_bread,
          grunt_ministairs_1, uniq_sigmund, uniq_jessica
D:3:      nicolae_overflow_crystal_walls, lemuel_doored_altar,
          chequers_ecumenical_altar_simple
D:4:      kennysheep_generic_room_10, uniq_grinder, uniq_eustachio, uniq_purgy,
          uniq_duvessa

Skill      XL: |  1  2  3  4  5  6 |
---------------+-------------------+-----
Unarmed Combat | 1 2 4 5 |  5.2
Fighting       | 1 3 4 |  4.0
Dodging        | |  1.7
Stealth        | |  1.7
Spellcasting   | |  2.0
Necromancy     | |  4.0

Action                   |  1- 3 |  4- 6 || total
-------------------------+-------+-------++-------
Melee: Unarmed           |    81 |    76 ||   157
       Tailslap          |     7 |    10 ||    17
       Punch             |       |     1 ||     1
 Cast: Pain              |    45 |   103 ||   148
       Animate Skeleton  |     6 |    20 ||    26
       Regeneration      |     2 |     4 ||     6
  Use: Potion            |     6 |       ||     6
  Eat: Chunk             |     1 |    10 ||    11
       Bread ration      |     1 |       ||     1
Armor: Skin              |    16 |    32 ||    48
Dodge: Dodged            |    51 |    71 ||   122

Vault maps used:
D:1:      dpeg_arrival_solitude, hangedman_decor_peaks_small, feat_on_display
D:2:      nicolae_tso_carved_into_rock, lemuel_round_altar, first_bread,
          grunt_ministairs_1, uniq_sigmund, uniq_jessica
D:3:      nicolae_overflow_crystal_walls, lemuel_doored_altar,
          chequers_ecumenical_altar_simple
D:4:      kennysheep_generic_room_10, uniq_grinder, uniq_eustachio, uniq_purgy,
          uniq_duvessa

Table legend:
 A = Turns spent in this place as a percentage of turns spent in the entire game.
 B = Non-inter-level travel turns spent in this place as a percentage of non-inter-level travel turns spent in the entire game.
 C = Inter-level travel turns spent in this place as a percentage of turns spent in this place.
 D = Turns resting spent in this place as a percentage of non-inter-level travel turns spent in this place.
 E = Turns spent auto-exploring this place as a percentage of non-inter-level travel turns spent in this place.
 F = Non-inter-level travel turns spent in this place divided by the number of levels of this place that you've seen.
                   A       B       C       D       E      F
               +-------+-------+-------+-------+-------+----------------------
         Total | 100.0 | 100.0 |   0.5 |   5.5 |   8.3 | 318.5
       Dungeon | 100.0 | 100.0 |   0.5 |   5.5 |   8.3 | 318.5
               +-------+-------+-------+-------+-------+----------------------

Table legend:
 A = Kills in this place as a percentage of kills in entire the game.
 B = Kills by you in this place as a percentage of kills by you in the entire game.
 C = Kills by friends in this place as a percentage of kills by friends in the entire game.
 D = Other kills in this place as a percentage of other kills in the entire game.
 E = Experience gained in this place as a percentage of experience gained in the entire game.
 F = Experience gained in this place divided by the number of levels of this place that you have seen.
                   A       B       C       D       E      F
               +-------+-------+-------+-------+-------+----------------------
         Total | 100.0 | 100.0 | 100.0 |  -nan | 100.0 | 134.2
       Dungeon | 100.0 | 100.0 | 100.0 |  -nan | 100.0 | 134.2
               +-------+-------+-------+-------+-------+----------------------
